 Dungeon Crawl Stone Soup version 0.29-a0-575-g0dc89cf053 (webtiles) character file.

Game seed: 4009230351527979923

2721 bande the Cleaver (level 9, -7/55 HPs)
             Began as a Gargoyle Fighter on June 13, 2022.
             Mangled by a two-headed ogre
             ... wielding a +0 giant spiked club
              (17 damage)
             ... on level 7 of the Dungeon.
             The game lasted 00:19:10 (9985 turns).

bande the Cleaver (Gargoyle Fighter)                Turns: 9985, Time: 00:19:11

Health: -7/55      AC: 26    Str: 21    XL:     9   Next: 66%
Magic:  9/9        EV: 10    Int:  8    God:
Gold:   403        SH:  0    Dex: 13    Spells: 8/8 levels left

rFire   + . .      SeeInvis .   w - +0 war axe (freeze)
rCold   + + .      Faith    .   c - +0 buckler
rNeg    + . .      Spirit   .   o - +0 plate armour
rPois   ∞          Reflect  .   h - +0 helmet
rElec   +          Harm     .   y - +1 cloak {Stlth+}
rCorr   .          Rampage  .   (no gloves)
Will    .....                   l - +0 pair of boots of Pobranil {rC++}
Stlth   ..........              (no amulet)
HPRegen 0.18/turn               e - +4 ring of evasion
MPRegen 0.11/turn               u - ring of protection from fire

@: confused, ambrosia-drunk, flying
A: sickness immunity, AC +6, negative energy resistance 1, electricity
resistance, torment resistance 1, petrification resistance, big wings,
iridescent scales 1
a: no special abilities


You were on level 7 of the Dungeon.
You visited 1 branch of the dungeon, and saw 8 of its levels.

You collected 413 gold pieces.
You spent 10 gold pieces at shops.

Inventory:

Hand Weapons
 a - a +0 war axe
 q - the +7 mace of Cobwebs {holy, rPois Int+3}
   (You found it on level 4 of the Dungeon)

   It has been blessed by the Shining One to cause great damage to the undead
   and demons.
   Int:       It affects your intelligence (+3).
   rPois:     It protects you from poison.
 w - a +0 war axe of freezing (weapon)
Missiles
 g - a throwing net (quivered)
Armour
 c - a +0 buckler (worn)
 h - a +0 helmet (worn)
 l - the +0 pair of boots of Pobranil (worn) {rC++}
   (You acquired it on level 2 of the Dungeon)

   rC:        It greatly protects you from cold.
 o - a +0 plate armour (worn)
 y - a +1 cloak of stealth (worn)
Jewellery
 b - a ring of protection from cold
 e - a +4 ring of evasion (left hand)
 u - a ring of protection from fire (right hand)
Wands
 r - a wand of mindburst (30)
 s - a wand of iceblast (11)
 t - a wand of flame (45)
 A - a wand of digging (5)
Scrolls
 i - 4 scrolls of magic mapping
 k - 2 scrolls of fear
 n - a scroll of teleportation
 v - a scroll of amnesia
 x - a scroll of fog
Potions
 d - a potion of might
 f - 13 potions of curing
 j - 2 potions of haste
 m - 3 potions of resistance
 z - a potion of mutation
 B - a potion of lignification {unknown}


   Skills:
 + Level 6.1 Fighting
 + Level 8.4 Axes
 + Level 6.6 Armour
 - Level 0.1 Dodging
 + Level 5.5 Shields
 * Level 3.7 Evocations


You had 8 spell levels left.
You didn't know any spells.
Your spell library contained the following spells:

 Spells                   Type           Power      Damage    Failure   Level
 Petrify                  Tmut/Erth      0%         N/A       100%        4
 Irradiate                Conj/Tmut      0%         3d13      100%        5
 Sublimation of Blood     Necr           Unusable   N/A       N/A         2

Dungeon Overview and Level Annotations

Branches:
Dungeon (8/15)             Temple (0/1) D:4
   Lair: D:8-11

Altars:
Fedhas
Trog

Shops:
D:2 !:[!


Innate Abilities, Weirdness & Mutations

You are immune to sickness and miasma.
Your stone body is resilient. (AC +6)
You are immune to poison.
You resist negative energy. (rN+)
You are resistant to electric shocks. (rElec)
You are resistant to unholy torment.
You are immune to petrification.
Your large and strong wings let you fly.
You are partially covered in iridescent scales. (AC +2)


Message History

The yak gores you but does no damage. The yak completely misses you.
The two-headed ogre hits you with a +0 giant spiked club!
The two-headed ogre closely misses you.
You are too injured to fight recklessly!
You are too injured to fight recklessly!
You are too injured to fight recklessly!
You are too injured to fight recklessly!
Unknown command.
The yak gores you!
* * * LOW HITPOINT WARNING * * *
The yak attacks as you move away! The yak closely misses you.
The yak attacks as you move away! The yak gores you but does no damage.
Unknown command.
The yak attacks as you move away! The yak gores you.
* * * LOW HITPOINT WARNING * * *
There is a stone staircase leading up here.
You fly upwards.
There is a stone staircase leading down here.
You start resting.
You start resting.
HP restored.
You start waiting.
Done waiting.
You start waiting.
Done waiting.
You start waiting.
Done waiting.
You fly downwards.
The two-headed ogre hits you with a +0 giant spiked club! x2
There is a stone staircase leading up here.
The two-headed ogre hits you with a +0 giant spiked club!!
* * * LOW HITPOINT WARNING * * *
The two-headed ogre hits you but does no damage.
You fly upwards.
There is a stone staircase leading down here.
Unknown command.
You are confused.
You feel invigorated.
The two-headed ogre hits you with a +0 giant spiked club!
You die...

#.....###...####............
#####..##...# ####...##....
##.##...# ##.##..###
#.##...########.##..###
#.##...................
#.##...########.#......
#.##...# #.#......
#.##..O########........
#.##..@#...............
#.######............... #.##
#........#...... ######..###
#.......##...... #.........#
#.[.....##...... #.........#
#............... #.........#
#.......###.....
#.........###.......#...>.#.
#...........######..........


You could see a two-headed ogre.

Vanquished Creatures
  Eustachio (D:5)
  Menkaure (D:5)
  4 water moccasins
  A black bear (D:6)
  2 ice beasts (D:6)
  An ogre (D:7)
  3 centaurs
  A phantom (D:5)
  A kobold brigand (D:4)
  A gnoll sergeant (D:6)
  A necrophage (D:6)
  3 bullfrogs
  A scorpion (D:4)
  2 howler monkeys
  2 jellies
  An orc priest (D:6)
  6 hounds
  Crazy Yiuf (D:5)
  2 gnoll shamans (D:6)
  2 iguanas
  Terence (D:3)
  An orc wizard (D:6)
  13 gnolls
  8 adders
  A howler monkey skeleton (D:3)
  3 white imps
  3 ufetubi (D:6)
  An adder zombie (D:3)
  2 adder skeletons (D:3)
  2 worms
  The ghost of DocClef the Covert, a weakling GnDe (D:5)
  2 dart slugs
  17 orcs
  10 ball pythons
  3 bats
  9 endoplasms
  2 giant cockroaches (D:4)
  7 goblins
  7 hobgoblins
  7 jackals (D:2)
  15 kobolds
  4 quokkas
  3 frilled lizards
  8 rats
167 creatures vanquished.

Vanquished Creatures (others)
  A wizard (D:5)
  A fungus (D:5)
  4 plants
6 creatures vanquished.

Grand Total: 173 creatures vanquished

Notes
Turn   | Place    | Note
-------+----------+-------------------------------------------
     0 | D:1      | bande the Gargoyle Fighter began the quest for the Orb.
     0 | D:1      | Reached XP level 1. HP: 14/14 MP: 1/1
   379 | D:1      | Reached XP level 2. HP: 19/19 MP: 2/2
   441 | D:1      | Reached skill level 2 in Axes
  1035 | D:2      | Found a faded altar of an unknown god.
  1040 | D:2      | Reached XP level 3. HP: 23/23 MP: 3/3
  1262 | D:2      | Identified a scroll of acquirement
  1262 | D:2      | Acquired the +0 pair of boots of Pobranil {rC++}
  1276 | D:2      | Gained mutation: Your large and strong wings let you fly.
                  | [potion of mutation]
  1276 | D:2      | Gained mutation: You are partially covered in iridescent
                  | scales. (AC +2) [potion of mutation]
  1296 | D:2      | Found Zalutzoo's Distillery.
  1484 | D:2      | Found Tor Jei's Antique Armour Boutique.
  1543 | D:2      | Reached XP level 4. HP: 29/29 MP: 4/4
  1557 | D:2      | Found Noer's Distillery.
  1569 | D:2      | Bought a potion of degeneration for 10 gold pieces
  1588 | D:2      | Found Ykylufaf's Book Shop.
  2094 | D:3      | Reached skill level 3 in Axes
  2340 | D:3      | Noticed Terence
  2351 | D:3      | Killed Terence
  2352 | D:3      | Reached XP level 5. HP: 32/33 MP: 5/5
  2798 | D:4      | Identified the +7 mace of Cobwebs {holy, rPois Int+3}
  3002 | D:4      | Found a staircase to the Ecumenical Temple.
  3108 | D:4      | Reached skill level 4 in Axes
  3108 | D:4      | Reached XP level 6. HP: 36/38 MP: 6/6
  3726 | D:4      | You are sucked into a shaft and drop 3 floors!
  3868 | D:6      | Noticed a water moccasin
  3887 | D:6      | Killed a water moccasin
  3888 | D:6      | Reached skill level 5 in Armour
  3888 | D:6      | Reached XP level 7. HP: 14/44 MP: 7/7
  4227 | D:6      | Reached skill level 5 in Axes
  4590 | D:6      | Identified the +1 leather armour "Taunluit" {Harm Int+3
                  | Stlth+}
  4630 | D:5      | Entered Level 5 of the Dungeon
  5494 | D:5      | Noticed Eustachio
  5575 | D:5      | Killed Eustachio
  5576 | D:5      | Reached skill level 6 in Axes
  5576 | D:5      | Reached XP level 8. HP: 32/48 MP: 8/8
  5859 | D:5      | Reached skill level 5 in Fighting
  5906 | D:5      | Found a bloodstained altar of Trog.
  5907 | D:5      | Noticed a wizard
  5912 | D:5      | Killed a wizard
  5963 | D:5      | Reached skill level 1 in Evocations
  6144 | D:5      | Noticed Menkaure
  6150 | D:5      | Killed Menkaure
  6261 | D:5      | Found a runed translucent gate.
  6261 | D:5      | Noticed DocClef's ghost (weakling GnDe)
  6263 | D:5      | Found a runed translucent gate.
  6263 | D:5      | Found a runed translucent gate.
  6463 | D:5      | Identified the +4 lajatang of Afeem {vorpal, *Slow Str+5
                  | Dex+4}
  6527 | D:5      | Found a runed translucent door.
  6528 | D:5      | Noticed Crazy Yiuf
  6756 | D:5      | Killed DocClef's ghost
  7274 | D:5      | Killed Crazy Yiuf
  7579 | D:6      | Reached skill level 7 in Axes
  7920 | D:6      | Reached skill level 5 in Shields
  8073 | D:6      | Reached XP level 9. HP: 49/54 MP: 9/9
  8420 | D:6      | Reached skill level 8 in Axes
  8737 | D:7      | Found a blossoming altar of Fedhas.
  9401 | D:8      | Noticed a two-headed ogre
  9985 | D:7      | Mangled by a two-headed ogre

Illustrated notes

Levels and vault maps discovered:
D:1:      onia_arrival_mini_spirals, layout_loops_ring, serial_forest,
          infiniplex_forest_clump_medium, infiniplex_forest_clump_diagonal,
          infiniplex_forest_clump_diagonal, infiniplex_forest_clump_medium,
          minivault_27
D:2:      layout_loops_ring, serial_shops, nicolae_diamond_shop,
          nicolae_lakefront_shop, shop, nicolae_square_shop,
          shapermc_ecumenical_altar_venn
D:3:      layout_loops_corners, serial_undead, serial_undead_e, serial_undead_d,
          serial_undead_d, serial_undead_d, uniq_terence
D:4:      layout_loops_ring, minmay_temple_entry_trees
D:5:      layout_basic, trog_wizard, gammafunk_ghost_nasty_kobolds,
          dk_vineyard_2, uniq_eustachio, uniq_crazy_yiuf_cottage, uniq_menkaure
D:6:      minmay_octagon_keep, layout_loops_corners, eino_curves_02
D:7:      layout_rooms, mainiacjoe_overflow_chevrons
D:8:      layout_loops_cross, uniq_gastronok

Skill      XL: |  1  2  3  4  5  6  7  8  9 |
---------------+----------------------------+-----
Axes           | 2 3 4 6 7 8 |  8.4
Armour         | 4 5 6 |  6.6
Fighting       | 4 5 6 |  6.1
Shields        | 4 5 |  5.5
Evocations     | 2 3 |  3.7
Dodging        | |  0.1

Action                   |  1- 3 |  4- 6 |  7- 9 || total
-------------------------+-------+-------+-------++-------
Melee: War axe           |    99 |   206 |   343 ||   648
  Use: Scroll            |     6 |     6 |     5 ||    17
       Potion            |     1 |       |     1 ||     2
Armor: Scale mail        |    33 |    25 |       ||    58
       Plate armour      |       |    82 |   377 ||   459
Dodge: Dodged            |    51 |    90 |   276 ||   417
Block: Buckler           |    20 |    43 |   131 ||   194

Table legend: (Time is in decaauts)
 A = Elapsed time spent in this place.
 B = Non-inter-level travel time spent in this place.
 C = Inter-level travel time spent in this place.
 D = Time resting spent in this place.
 E = Time spent auto-exploring this place.
 F = Levels seen in this place.
 G = Mean time per level.
                   A        B        C        D        E       F      G
               +--------+--------+--------+--------+--------+-----+--------+
         Total |  10178 |   9899 |    279 |   2087 |   5730 |   8 | 1272.2 |
       Dungeon |  10178 |   9899 |    279 |   2087 |   5730 |   8 | 1272.2 |
               +--------+--------+--------+--------+--------+-----+--------+

Top non-repeatable levels by time:
     D:6: 2286 daAuts
     D:4: 2212 daAuts
     D:5: 1618 daAuts
     D:7: 1167 daAuts
     D:1: 1050 daAuts
     D:2: 927 daAuts
     D:3: 849 daAuts
     D:8: 67 daAuts
